[Event "*** Titled Tuesday Blitz"]
[Site "Chess.com"]
[Date "2020.04.28"]
[Round "3"]
[White "Caterpiller35"]
[Black "HouseOfDurin"]
[Result "1-0"]
[WhiteElo "2305"]
[BlackElo "2063"]
[TimeControl "180+1"]
[EndTime "10:30:00 PDT"]
[Termination "Caterpiller35 won on time"]

1. d4 Nf6 2. Bg5 Ne4 3. Bf4 c5 4. f3 Nf6 5. dxc5 Qa5+ 6. Qd2 Qxc5 7. Nc3 e6 8. e4 a6 9. Na4 Qb4 10. Qxb4 Bxb4+ 11. c3 Ba5 12. O-O-O d5 13. Be3 dxe4 14. Bb6 Nc6 15. Bxa5 Nxa5 16. Nb6 Rb8 17. fxe4 Nxe4 18. Nf3 Nf2 19. Bd3 Nxh1 20. Rxh1 Bd7 21. Ne5 Bb5 22. c4 f6 23. cxb5 fxe5 24. Re1 Rd8 25. Kc2 axb5 26.
Bxb5+ Nc6 27. Rxe5 Kf7 28. Bxc6 bxc6 29. Rc5 Rd6 30.
Nc4 Rdd8 31. b4 Ke7 32. a4 Rc8 33. Ne5 Rc7 34. Kc3 Rhc8 35. a5 g6 36. Kb3 Kd6 37. Nc4+ Ke7 38. a6 Rb8 39. Ka4 Ra8 40. Ka5 Rca7 41.
Rxc6 Kd7 42. b5 Rc7 43. Nb6+ 1-0

[Event "*** Titled Tuesday Blitz"]
[Site "Chess.com"]
[Date "2020.04.28"]
[Round "3"]
[White "tomsishere"]
[Black "bascheyaro"]
[Result "1/2-1/2"]
[WhiteElo "2437"]
[BlackElo "2671"]
[TimeControl "180+1"]
[EndTime "10:30:01 PDT"]
[Termination "Game drawn by repetition"]

1. d4 d5 2. c4 c6 3. Nc3 Nf6 4. Nf3 g6 5. h4 Bf5 6. cxd5 Nxd5 7. h5 gxh5 8. Ne5 e6 9. Rxh5 Nd7 10. Bg5 Qa5 11.
Bd2 Nxe5 12. dxe5 Nxc3 13. Bxc3 Bb4 14. Rc1 Bxc3+ 15. Rxc3 Qxa2 16. e4 Bg6 17. Rhh3 Rd8 18. Bd3 Bxe4 19. Kf1 Bxd3+ 20. Rcxd3 Rd5 21. Kg1 Qxb2 22.
Rxd5 cxd5 23. Qa4+ b5 24. Qxa7 O-O 25. Qe3 Qb1+ 26.
Kh2 Kh8 27. Qh6 Rg8 28. Qf6+ Rg7 29. Qd8+ Rg8 30. Qf6+ Rg7 31. Rg3 Qg6 32. Rxg6 hxg6 33. Qd8+ Rg8 34. Qb6 Kg7 35. Qxb5 Rc8 36. Qd3 Rc4 37.
Qf3 Kg8 38. Qf6 Re4 39. f3 Rc4 40. Kg3 Rc3 41. Qd8+ Kg7 42. Qf6+ Kg8 43. Kg4 Rc1 44. Qd8+ Kg7 45. Qf6+ Kg8 46. g3 Rh1 47. Qd8+ Kg7 48. Qf6+ Kg8 49. Qd8+ Kg7 50. Kf4 Rh5 51. g4 Rh1 52.
Kg5 Rg1 53. Qf6+ Kg8 54. Qd8+ Kg7 55. Qf6+ Kg8 56. Qe7 Kg7 57. Qd7 Rg2 58. Qd8 Rg1 1/2-1/2

[Event "*** Titled Tuesday Blitz"]
[Site "Chess.com"]
[Date "2020.04.28"]
[Round "3"]
[White "annacramling"]
[Black "Sweafty"]
[Result "1/2-1/2"]
[WhiteElo "1939"]
[BlackElo "2463"]
[TimeControl "180+1"]
[EndTime "10:30:01 PDT"]
[Termination "Game drawn by agreement"]

1. d4 d6 2. Nf3 Nd7 3. c4 e5 4. e3 Ngf6 5. Nc3 Be7 6. Be2 O-O 7. O-O c6 8. b3 Qc7 9. Bb2 Re8 10. Rc1 Bf8 11. a3 b6 12. b4 Bb7 13.
Qc2 Rad8 14. Qb1 g6 15. Rfe1 Bh6 16. dxe5 dxe5 17. Ne4 Bg7 18. Nxf6+ Nxf6 19. Rcd1 Nd7 20. Qa1 f6 21. Rc1 c5 22. b5 Nf8 23. Rcd1 Ne6 24.
Qc1 h5 25. Rxd8 Rxd8 26. Rd1 Rd7 27. Rxd7 Qxd7 28. Qd1 Qxd1+ 29. Bxd1 Be4 30. Be2 Bb7 31. Nh4 Kf7 32. Bd3 e4 33. Be2 Nf8 34. g3 Nd7 35. Ng2 Bf8 36. Nf4 Bd6 37. h4 Ne5 38.
Kf1 a6 39. a4 axb5 40. axb5 f5 41. Ke1 Bc8 42. Kd2 Be6 43. Kc3 Bd7 44. Bc1 Be6 45. Bb2 Bc7 46. Bc1 Ng4 47. Bxg4 hxg4 48. Bd2 Be5+ 49. Kb3 Bf6 50. Bc1 g5 51. hxg5 Bxg5 52.
Bd2 Bxf4 53. exf4 1/2-1/2

[Event "*** Titled Tuesday Blitz"]
[Site "Chess.com"]
[Date "2020.04.28"]
[Round "3"]
[White "Mykola-Bortnyk"]
[Black "mikolka1985"]
[Result "1-0"]
[WhiteElo "2942"]
[BlackElo "2578"]
[TimeControl "180+1"]
[EndTime "10:30:02 PDT"]
[Termination "Mykola-Bortnyk won on time"]

1. e4 e5 2. Nf3 Nc6 3. Bc4 Bc5 4. b4 Bxb4 5. c3 Be7 6. d4 Na5 7. Be2 d6 8. O-O Nf6 9. dxe5 dxe5 10. Qa4+ c6 11.
Nxe5 Qc7 12. Nf3 b5 13. Qc2 O-O 14. e5 Nd5 15. Bd3 h6 16. Nbd2 Nf4 17. Be4 Ne2+ 18. Kh1 Nxc1 19. Raxc1 Rb8 20. Rfe1 c5 21. Bf5 Be6 22.
Bxe6 fxe6 23. Qg6 Rb7 24. Qxe6+ Kh8 25. Ne4 Rb6 26. Qg4 Nc4 27. Ng3 g6 28. Rcd1 Qc6 29. Rd7 Qe6 30. Qxe6 Rxe6 31. Rxa7 Rd8 32. h4 Nd2 33.
Nxd2 Rxd2 34. h5 Bh4 35. Ne4 Rxe5 36. hxg6 Rxf2 37. Rh7+ Kg8 38. Rxh6 Rf4 39. g3 Rfxe4 40. Rxe4 Rxe4 41. gxh4 Kg7 42. Rh5 Rc4 43. Rg5 Rxc3 44. h5 Rh3+ 45. Kg2 Rh4 46. Kg3 Rh1 47. Rxc5 b4 48.
Rb5 Rb1 49. Kg4 Kh6 50. Rb7 Rg1+ 51. Kf5 Rf1+ 52. Ke5 1-0

[Event "*** Titled Tuesday Blitz"]
[Site "Chess.com"]
[Date "2020.04.28"]
[Round "3"]
[White "Khamrakulov_Djurabek"]
[Black "druskacik"]
[Result "1-0"]
[WhiteElo "2818"]
[BlackElo "2541"]
[TimeControl "180+1"]
[EndTime "10:30:02 PDT"]
[Termination "Khamrakulov_Djurabek won on time"]

1. e4 e6 2. d4 d5 3. Nd2 Be7 4. e5 c5 5. c3 Nc6 6. Bd3 cxd4 7.
cxd4 Qb6 8. Ndf3 Bd7 9. Ne2 Nb4 10. Bb1 Bb5 11. O-O Qa6 12. Re1 Nd3 13. Bxd3 Bxd3 14. Nf4 Bg6 15. a4 Nh6 16. h4 Rc8 17. Bd2 Bc2 18. Qc1 O-O 19. Bc3 Be4 20. Ng5 Nf5 21. Nxe4 dxe4 22. Rxe4 Bxh4 23. Qd1 Rfd8 24. Qg4 g6 25.
Qh3 Bg5 26. Nd3 Rxc3 27. bxc3 Qc6 28. Rg4 Qxc3 29. Rf1 Bd2 30. Nc5 Qxh3 31. gxh3 Rxd4 32. Nxb7 Rd5 33. Rd1 Nd4 34. Kg2 Ne2 35. Kf1 Nc3 36. Ra1 Rxe5 37. Rd4 Bg5 38. a5 Nd5 39. a6 Bf6 40. Rc4 Rf5 41. Ra3 h5 42. Nd6 Re5 43.
Nc8 Be7 44. Rb3 Bh4 45. Nxa7 Nf6 46. Rxh4 Ne4 47. Nc6 Nd2+ 48. Kg2 Rg5+ 49. Rg4 Rc5 50. a7 1-0

[Event "*** Titled Tuesday Blitz"]
[Site "Chess.com"]
[Date "2020.04.28"]
[Round "3"]
[White "MarcoCorvi"]
[Black "Malev212"]
[Result "0-1"]
[WhiteElo "2187"]
[BlackElo "2502"]
[TimeControl "180+1"]
[EndTime "10:30:02 PDT"]
[Termination "Malev212 won by checkmate"]

1. e4 c6 2. d4 d5 3. Nd2 dxe4 4. Nxe4 Bf5 5. Ng3 Bg6 6. Bc4 e6 7.
Nh3 Bd6 8. O-O Qc7 9. c3 Nd7 10. Qf3 Ngf6 11. Nf4 O-O-O 12. b4 Nd5 13. Nfe2 h5 14.
Bd3 Bxd3 15. Qxd3 h4 16. Ne4 Bxh2+ 17. Kh1 N7f6 18. c4 Nxb4 19. Qf3 Nc2 20. Rb1 Nxd4 21.
Nxd4 Rxd4 22. Nxf6 gxf6 23. Be3 Be5 24. Bxd4 Bxd4 25.
Rfd1 c5 26. a4 Rd8 27. Rb5 Rd7 28. a5 a6 29. Rb6 Rd6 30. Rb3 Qc6 31. Qg4 Qd7 32.
Rdb1 f5 33. Qg8+ Qd8 34. Qxf7 b5 35. cxb5 Bxf2 36. bxa6 Rd1+ 37. Kh2 Qd6+ 38. g3 Bxg3+ 39. Kh3 Qc6 40. Rb8+ Bxb8 41. Rxb8+ Kxb8 42. Qxe6 Qxe6 43. a7+ Kxa7 44. Kxh4 f4 45. Kg5 Qg8+ 46. Kf5 Rd5+ 47. Ke4 Qe6+ 48. Kf3 Qe3+ 49. Kg2 f3+ 50. Kf1 f2 51.
Kg2 Rg5+ 52. Kf1 Qe1# 0-1

[Event "*** Titled Tuesday Blitz"]
[Site "Chess.com"]
[Date "2020.04.28"]
[Round "3"]
[White "NZT72"]
[Black "Lunow"]
[Result "1/2-1/2"]
[WhiteElo "2400"]
[BlackElo "2202"]
[TimeControl "180+1"]
[EndTime "10:30:02 PDT"]
[Termination "Game drawn by repetition"]

1. d4 Nf6 2. c4 g6 3. g3 Bg7 4.
Bg2 d5 5. cxd5 Nxd5 6. Nf3 Nb6 7. O-O Nc6 8. e3 O-O 9. Nc3 Re8 10. Re1 a5 11. a3 a4 12. Qc2 Bf5 13. e4 Bg4 14.
d5 Bxf3 15. Bxf3 Nd4 16. Qd1 c6 17. Bg2 e5 18. dxe6 Rxe6 19. Bf4 Nc4 20. Rb1 b5 21. h4 Qb6 22. h5 Rd8 23. Qg4 Nc2 24. Rec1 Nd4 25.
Nxa4 bxa4 26. Rxc4 Qb5 27. Rb4 Qd3 28. Re1 Nc2 29.
Bf1 Qd7 30. Re2 Nxb4 31. axb4 Ree8 32. Qh4 Qe7 33. Bg5 f6 34. Be3 g5 35. Qh3 Qd7 36. Qh1 h6 37. Rd2 Qc7 38. Bc4+ Kh8 39. Rxd8 Rxd8 40. Qh3 Rd1+ 41. Kg2 Qd7 42. Be6 Qd3 43. Qf5 Qf1+ 44. Kf3 Qh1+ 45. Ke2 Qf1+ 46. Kf3 Qh1+ 47. Ke2 Qe1+ 48. Kf3 Qh1+ 1/2-1/2

[Event "*** Titled Tuesday Blitz"]
[Site "Chess.com"]
[Date "2020.04.28"]
[Round "3"]
[White "onnoelgersma"]
[Black "Taran2004"]
[Result "0-1"]
[WhiteElo "2292"]
[BlackElo "2085"]
[TimeControl "180+1"]
[EndTime "10:30:02 PDT"]
[Termination "Taran2004 won on time"]

1. e4 c6 2. d4 d5 3. e5 Bf5 4.
Nf3 e6 5. Be2 Nd7 6. O-O c5 7.
dxc5 Bxc5 8. Nbd2 Ne7 9. Nb3 Bb6 10. c3 Nc6 11. Bf4 O-O 12. a4 Bc7 13. Nbd4 Bg6 14.
Nxc6 bxc6 15. Re1 Qb8 16. Nd4 c5 17. Nc6 Qe8 18. b4 c4 19. Bg3 Nb8 20. Nd4 Nc6 21.
Bf3 Nxd4 22. cxd4 Qe7 23. Qd2 Rab8 24. b5 Rfc8 25. Qc3 Qd8 26. Rec1 Ba5 27. Qe3 Qe7 28. h4 h6 29. h5 Bh7 30. Bd1 Qb4 31. Bc2 Bxc2 32.
Rxc2 Qb3 33. Qxb3 cxb3 34. Rxc8+ Rxc8 35. Rb1 Rc3 36. Kf1 Bb4 37. Ke2 Ba3 38. Bf4 b2 39.
Bd2 Rc4 40. Kd1 Rxd4 41. Kc2 Bb4 42. Be3 Rc4+ 43. Kb3 Re4 44. Rxb2 d4 45. Bd2 Bc5 46. Kc4 Bb6 47. a5 Bd8 48. b6 axb6 49. axb6 Bxb6 50. Rxb6 Rxe5 51. Kd3 Rxh5 52. Rb8+ Kh7 53. Rb7 Kg6 54. Rb4 e5 55. g4 Rh3+ 56. Ke4 f6 57. Rb6 h5 58. g5 Rh4+ 59. Kd5 Rh2 60. gxf6 gxf6 61. Be1 Rh1 62. Bd2 Rf1 63. f4 Rf2 64. Bc1 d3 65.
fxe5 d2 66. Bxd2 Rxd2+ 67. Ke4 Re2+ 68. Kf4 Rxe5 69. Rb8 Rf5+ 70. Kg3 Ra5 0-1

[Event "*** Titled Tuesday Blitz"]
[Site "Chess.com"]
[Date "2020.04.28"]
[Round "3"]
[White "frankshar"]
[Black "serhanberat_ozdemir"]
[Result "1-0"]
[WhiteElo "2282"]
[BlackElo "2501"]
[TimeControl "180+1"]
[EndTime "10:30:03 PDT"]
[Termination "frankshar won by resignation"]

1. d4 Nf6 2. c4 g6 3. Nc3 Bg7 4. e4 d6 5. Nf3 O-O 6. Be2 Bg4 7. Be3 Nfd7 8. Rc1 c5 9. d5 Na6 10. O-O Nc7 11. h3 Bxf3 12. Bxf3 a6 13. a4 Re8 14. Be2 e6 15. Qd2 exd5 16. exd5 b5 17. axb5 axb5 18. cxb5 Nb6 19. Rfe1 Qd7 20. Ra1 f5 21. h4 Be5 22. Bg5 Qf7 23. h5 Bf6 24. Bxf6 Qxf6 25. Bf3 g5 26. Rxe8+ Rxe8 27. Ra7 Re7 28. g3 h6 29. Qc2 Kg7 30. Rb7 Nc4 31. b6 Na6 32. Rxe7+ Qxe7 33. Qxf5 Ne5 34. Be4 Nb4 35.
Qh7+ Kf8 36. b7 Na6 37. Qxh6+ Qg7 38. Qxd6+ Qe7 39. Qxa6 Nd7 40. Qe6 Qxe6 41. dxe6 Nb8 42. h6 Ke7 43. h7 Kxe6 44. h8=Q Na6 45. b8=Q Nxb8 46. Qxb8 Kf6 47. Qd6+ Kg7 48. Nd5 1-0

[Event "*** Titled Tuesday Blitz"]
[Site "Chess.com"]
[Date "2020.04.28"]
[Round "3"]
[White "Fh2411"]
[Black "Kate1606"]
[Result "1-0"]
[WhiteElo "2476"]
[BlackElo "2028"]
[TimeControl "180+1"]
[EndTime "10:30:03 PDT"]
[Termination "Fh2411 won by checkmate"]

1. d4 d6 2. Nf3 g6 3. g3 Bg7 4. Bg2 Nf6 5. O-O O-O 6. c4 Nbd7 7. Nc3 c6 8. e4 e5 9. Re1 Qc7 10. h3 a6 11. d5 c5 12. Rb1 h6 13. Be3 Kh7 14. a3 Rb8 15. Qd3 Nh5 16. Nd2 f5 17.
exf5 gxf5 18. g4 e4 19. Ndxe4 Ne5 20. Qc2 fxe4 21. Qxe4+ Kh8 22. gxh5 Bf5 23. Qh4 Bxb1 24. Rxb1 Rbe8 25. Kh1 Qe7 26. Qxe7 Rxe7 27. Bf1 Nf3 28. Ne2 Nd4 29. Nf4 Rxf4 30. Bxf4 Be5 31. Be3 Nf5 32. Bd2 Ng7 33. b4 cxb4 34. axb4 Nxh5 35. Bxh6 Kh7 36. Bg5 Rf7 37. Be3 Nf4 38. c5 dxc5 39. bxc5 Nxd5 40. Bc4 Rd7 41. Bxd5 Rxd5 42. Rxb7+ Kg6 43. Rb6+ Kf5 44. Rxa6 Ke4 45. Kg2 Bd4 46. Ra4 Ke5 47. Rxd4 Rxd4 48. Bxd4+ Kxd4 49. c6 Kd5 50. c7 Kd6 51. c8=Q Ke5 52.
Qg4 Kd6 53. h4 Kc7 54. h5 Kb7 55. h6 Ka7 56. Qe6 Ka8 57. h7 Kb7 58. h8=Q Ka7 59. Qh7+ Ka8 60. Qe8# 1-0

[Event "*** Titled Tuesday Blitz"]
[Site "Chess.com"]
[Date "2020.04.28"]
[Round "3"]
[White "IvanRadivojevic"]
[Black "kushagramohan"]
[Result "1-0"]
[WhiteElo "2491"]
[BlackElo "2691"]
[TimeControl "180+1"]
[EndTime "10:30:04 PDT"]
[Termination "IvanRadivojevic won on time"]

1. e4 e5 2. Nf3 Nc6 3. Bc4 Bc5 4.
c3 Nf6 5. d4 exd4 6. cxd4 Bb4+ 7. Bd2 Bxd2+ 8. Nbxd2 d5 9. exd5 Nxd5 10. Qb3 Be6 11. Qxb7 Ndb4 12. Bxe6 Rb8 13. Qxb8 Qxb8 14. Bb3 Nd3+ 15. Ke2 Nf4+ 16. Kf1 O-O 17. g3 Qb5+ 18. Bc4 Qxb2 19. Rb1 Qc3 20. gxf4 Nxd4 21. Bd5 Qd3+ 22. Kg2 Nxf3 23. Bxf7+ Rxf7 24. Rb8+ Rf8 25. Rxf8+ Kxf8 26. Nxf3 Qg6+ 27. Kh3 Qc2 28. Kg3 Qxa2 29. Rc1 Qf7 30. Ne5 Qe7 31. Rb1 g6 32. Rb7 a5 33. Ra7 Qb4 34.
Rxc7 a4 35. Ng4 a3 36. Nf6 a2 37. Nxh7+ Ke8 38. Nf6+ Kd8 39. Rd7+ Kc8 40. Ra7 Qc3+ 41.
f3 a1=Q 42. Rxa1 Qxa1 43. Ng4 Qg7 44. Ne5 Kc7 45. h4 1-0

[Event "*** Titled Tuesday Blitz"]
[Site "Chess.com"]
[Date "2020.04.28"]
[Round "3"]
[White "TargetA"]
[Black "GMNeiksans"]
[Result "1-0"]
[WhiteElo "2479"]
[BlackElo "2805"]
[TimeControl "180+1"]
[EndTime "10:30:04 PDT"]
[Termination "TargetA won on time"]

1. c4 e5 2. Nc3 Nf6 3. g3 Bb4 4. Bg2 O-O 5. Nf3 Re8 6. O-O d6 7. d3 Nc6 8. e4 Bg4 9. Bg5 h6 10. Bxf6 Qxf6 11. Nd5 Qd8 12. h3 Bxf3 13.
Qxf3 Bc5 14. Kh2 Nd4 15. Qh5 c6 16. Nc3 Qg5 17. Qd1 Ne6 18. a3 h5 19. h4 Qh6 20. Bh3 Nd4 21. b4 Bb6 22. Kg2 g6 23. Ne2 f5 24. Nxd4 Bxd4 25. exf5 Bxa1 26. Qxa1 Rf8 27. fxg6 Qxg6 28. Qd1 Rf6 29. Kg1 Raf8 30. Bg2 Kh8 31. Be4 Qh6 32. d4 exd4 33. Qxd4 Qg7 34.
Qd1 Rh6 35. Kg2 Qe5 36. Bf3 a6 37. Re1 Qf6 38. Re3 Rg6 39. Qe2 Qxh4 40. Re7 Qf6 41.
Bxh5 Rg7 42. Re6 Qg5 43. Bf3 d5 44. cxd5 cxd5 45. Re5 Rf5 46. Re8+ Kh7 47. Qe6 Rgf7 48. Qe3 Qxe3 49. Rxe3 d4 50. Rd3 1-0

[Event "*** Titled Tuesday Blitz"]
[Site "Chess.com"]
[Date "2020.04.28"]
[Round "3"]
[White "zmeeed67"]
[Black "aNaartjieZA"]
[Result "0-1"]
[WhiteElo "2385"]
[BlackElo "2591"]
[TimeControl "180+1"]
[EndTime "10:30:04 PDT"]
[Termination "aNaartjieZA won by resignation"]

1. d4 Nf6 2. c4 c5 3. d5 e5 4. Nc3 d6 5. e4 Be7 6. f4 Nbd7 7.
Nf3 exf4 8. Bxf4 Nh5 9. Be3 g6 10. Be2 Bf6 11. O-O O-O 12. Rb1 Ng7 13. a3 Ne5 14.
Nd2 Bg5 15. Bf2 h5 16. b4 b6 17. h3 Bd7 18. Qc2 f5 19. Nf3 Nxf3+ 20. Bxf3 f4 21.
bxc5 bxc5 22. e5 Bf5 23. Ne4 Be7 24. exd6 Bxd6 25. Qc3 Bxe4 26. Bxe4 Nf5 27. Bxf5 Rxf5 28.
Rb7 Rf7 29. Rxf7 Kxf7 30. Rb1 Rb8 31. Rxb8 Qxb8 32. Bh4 Qb1+ 33. Kf2 Qf5 34. Qd2 g5 35.
Qb2 gxh4 36. Qb7+ Kg6 37. Qa8 Qc2+ 38. Kf1 Qxc4+ 39. Ke1 Qe4+ 40. Kf1 Qe5 41. Qg8+ Kf6 42. Qh8+ Ke7 43. Qh7+ Kd8 44. Qg8+ Kc7 45. Qf7+ Kb6 46. Qd7 Qxd5 47. Qd8+ Kb5 48. a4+ Kxa4 49. Qd7+ Kb3 50. Qxa7 Qd3+ 51. Kg1 c4 52. Qb6+ Kc2 53. Qxd6 Qxd6 0-1

[Event "*** Titled Tuesday Blitz"]
[Site "Chess.com"]
[Date "2020.04.28"]
[Round "3"]
[White "noblerone"]
[Black "ALEXJR20"]
[Result "1-0"]
[WhiteElo "2421"]
[BlackElo "2206"]
[TimeControl "180+1"]
[EndTime "10:30:04 PDT"]
[Termination "noblerone won by checkmate"]

1. d4 Nf6 2. Nf3 d5 3. Bg5 e6 4. Nbd2 Be7 5. e3 b6 6. Bd3 Nbd7 7. O-O h6 8. Bh4 O-O 9. c3 a5 10. Qe2 c5 11. Ne5 c4 12. Bc2 Bb7 13. f4 b5 14.
g4 Ne8 15. Bxe7 Qxe7 16. Rf2 b4 17. Rg2 Nd6 18. g5 hxg5 19. Rxg5 Nf6 20. Qg2 g6 21. Nxg6 fxg6 22. Rxg6+ Kh8 23. Rh6+ Nh7 24. Rxh7+ Qxh7 25.
Bxh7 Kxh7 26. Qh3+ Kg7 27. Kf2 bxc3 28. Rg1+ Kf6 29.
Qh4+ Kf7 30. Qh7+ Ke8 31. bxc3 Rf7 32. Rg8+ Ke7 33. Qh4+ Kd7 34. Rxa8 Bxa8 35. Qh8 Bb7 36. Qb8 Re7 37. Nf3 Ne4+ 38. Ke1 Kc6 39. Ne5+ Kb6 40. Qd8+ Rc7 41. Nd7+ Kc6 42. Nc5 Nxc3 43. Nxe6 Rd7 44. Qxa5 Ne4 45. Nc5 Re7 46. Nxe4 Rxe4 47. Qc5+ Kd7 48. Kd2 Bc6 49. h4 Re6 50. f5 Rh6 51.
Qa7+ Kd6 52. Qg7 Rh5 53. Qf6+ Kc7 54. Qf7+ Kb6 55. Qxh5 c3+ 56. Kxc3 Kb5 57. Qg5 Ka5 58. f6 Bb5 59. h5 Ka4 60. h6 Ka3 61. h7 Bc4 62. h8=Q Kxa2 63. Qa8+ Kb1 64. Qg1+ Bf1 65. Qxf1# 1-0

[Event "*** Titled Tuesday Blitz"]
[Site "Chess.com"]
[Date "2020.04.28"]
[Round "3"]
[White "ridnani2021"]
[Black "AndrewDGreen"]
[Result "1-0"]
[WhiteElo "2123"]
[BlackElo "2306"]
[TimeControl "180+1"]
[EndTime "10:30:04 PDT"]
[Termination "ridnani2021 won by resignation"]

1. e4 c5 2. Nc3 g6 3. g3 Bg7 4. Bg2 Nc6 5. Nge2 d6 6. d3 e5 7. Be3 Nge7 8. Qd2 Nd4 9. O-O-O O-O 10. h4 h5 11. f4 Bg4 12. fxe5 dxe5 13. Bxd4 cxd4 14.
Nd5 Nxd5 15. exd5 Rc8 16. Rdf1 b5 17. Kb1 a5 18. Bf3 Bxf3 19. Rxf3 Qxd5 20. Rhf1 b4 21.
Nc1 Rc7 22. Qg5 Rfc8 23. R3f2 Qe6 24. Rg1 e4 25. dxe4 Qxe4 26. Re2 Qf5 27. Qxf5 gxf5 28. Nd3 a4 29. Nxb4 d3 30. Nxd3 Rb8 31. b3 axb3 32. cxb3 Rc3 33. Nf4 Ra8 34. Rgg2 Rac8 35. Re1 Ra8 36.
Rgg1 Rf3 37. Rg2 Rxb3+ 38. axb3 Ra1+ 39. Kc2 Rxe1 40. Nxh5 Ra1 41. Nxg7 Ra2+ 42. Kc3 Rxg2 43. Nxf5 Rf2 44. g4 Rf3+ 45. Kb2 Rf4 46. b4 Kf8 47. b5 Rb4+ 48. Kc3 Rxb5 49. Kd3 Ra5 50. Ke3 Ra4 51. Kf3 Kg8 52. h5 f6 53. Kg3 Kf7 54. Kh4 Ke6 55. h6 Ra1 56. Kh5 Rh1+ 57. Kg6 Rg1 58.
h7 Rxg4+ 59. Kh5 Rg1 60. h8=Q Kxf5 61. Qc8+ Kf4 62. Qc7+ Kf5 63. Qc5+ Ke4 64. Qxg1 1-0

[Event "*** Titled Tuesday Blitz"]
[Site "Chess.com"]
[Date "2020.04.28"]
[Round "3"]
[White "RaunakSadhwani2005"]
[Black "Toro1234"]
[Result "1-0"]
[WhiteElo "2889"]
[BlackElo "2642"]
[TimeControl "180+1"]
[EndTime "10:30:05 PDT"]
[Termination "RaunakSadhwani2005 won on time"]

1. e4 d6 2. d4 Nf6 3. Nc3 e5 4.
Nf3 Nbd7 5. Bc4 Be7 6. O-O Nb6 7. Be2 exd4 8. Nxd4 O-O 9. a4 a5 10. f4 Re8 11. Bf3 c6 12. Be3 Nc4 13. Bc1 Qb6 14. b3 Ne5 15. Be2 Bf8 16. Kh1 Ned7 17. Bf3 Nc5 18. Re1 Qb4 19. Bb2 Ne6 20. Nde2 Nc5 21. Ng3 Be6 22. Na2 Qb6 23. f5 Bd7 24. Bxf6 gxf6 25. Nh5 Be7 26. Qd2 Kh8 27. Qh6 Rg8 28. Re3 Qd8 29. Be2 Qf8 30. Qf4 Be8 31. Rh3 Nd7 32.
Nc3 Ne5 33. Rf1 Rg5 34. Nd1 Qg8 35. Ng3 d5 36. exd5 cxd5 37. Ne3 Bc6 38. Qd4 Qf8 39. Bb5 Bc5 40. Qh4 Qg8 41. Nh5 Be7 42. Bxc6 bxc6 43. Rd1 Rd8 44. Ng3 Qg7 45. Qf4 Qf8 46. c4 dxc4 47. Rxd8 Qxd8 48. Qh4 Qg8 49. bxc4 Bc5 50. Nh5 1-0

[Event "*** Titled Tuesday Blitz"]
[Site "Chess.com"]
[Date "2020.04.28"]
[Round "3"]
[White "Grootneus"]
[Black "RitvarsReimanis"]
[Result "0-1"]
[WhiteElo "2193"]
[BlackElo "2601"]
[TimeControl "180+1"]
[EndTime "10:30:05 PDT"]
[Termination "RitvarsReimanis won by resignation"]

1. e4 c5 2. Nf3 Nc6 3. Bb5 g6 4. c3 Nf6 5. e5 Nd5 6. O-O Bg7 7. Re1 O-O 8. d4 cxd4 9. cxd4 d6 10. Nc3 Nxc3 11.
bxc3 dxe5 12. Bxc6 bxc6 13. Nxe5 c5 14. Ba3 cxd4 15. cxd4 Bb7 16. Qg4 Re8 17. Rad1 Qd5 18. Nf3 Bf6 19. Bc5 h5 20. Qf4 Bc6 21. h4 a5 22. a3 a4 23. Qg3 Qb3 24. Ne5 Qxg3 25.
fxg3 Bd5 26. Nd3 Bb3 27. Rc1 Rad8 28. Ne5 Rd5 29. Nc6 e6 30. Rf1 Kg7 31. Rc3 Rf5 32.
Rxf5 gxf5 33. Kf2 Rc8 34. Ne5 Rd8 35. Ke3 Bd5 36. Nf3 f4+ 37. gxf4 Bxf3 38. gxf3 Bxh4 39. Rc4 Ra8 40. Rb4 Bf6 41. d5 exd5 42. Bd4 h4 43.
Bxf6+ Kxf6 44. Kd4 h3 45. Kxd5 h2 46. Rb1 Kf5 47. Rh1 Rd8+ 48. Kc4 Rd2 49. Kb4 Kxf4 50. Kxa4 Kxf3 51. Kb5 Kg2 52. Ra1 h1=Q 53. Rxh1 Kxh1 54. a4 f5 55. a5 f4 0-1

[Event "*** Titled Tuesday Blitz"]
[Site "Chess.com"]
[Date "2020.04.28"]
[Round "3"]
[White "Kostya26"]
[Black "sofaceindisguise"]
[Result "1-0"]
[WhiteElo "2414"]
[BlackElo "2586"]
[TimeControl "180+1"]
[EndTime "10:30:05 PDT"]
[Termination "Kostya26 won by resignation"]

1. e4 e5 2. Nf3 Nc6 3. d4 exd4 4. c3 Nf6 5. e5 Ne4 6. cxd4 d5 7. Bd3 Bb4+ 8.
Nbd2 f5 9. exf6 Qxf6 10. O-O Bf5 11. Qe2 O-O-O 12. Nxe4 dxe4 13. Bxe4 Bxe4 14. Qxe4 Nxd4 15. Qg4+ Qf5 16. Qxf5+ Nxf5 17. Bg5 Rd5 18. a3 Bc5 19. Rad1 Rxd1 20. Rxd1 Nd6 21. b4 Bb6 22. Bh4 Re8 23. Kf1 Ne4 24. Ng5 Bxf2 25. Bxf2 Nxg5 26. Rd5 Ne4 27.
Bd4 g6 28. h4 b6 29. Bb2 Rf8+ 30. Kg1 Rf5 31. Rxf5 gxf5 32. Kf1 Kd7 33. Ke2 Ke6 34.
Kf3 c5 35. bxc5 bxc5 36. Kf4 h5 37. Bc1 c4 38. Ke3 Kd5 39. Bb2 c3 40. Bc1 Kc4 41.
Kf4 Kd3 42. Kxf5 Nd2 43. g4 hxg4 44. Kxg4 Kc2 45. h5 Kxc1 46. h6 Kd1 47. h7 c2 48.
h8=Q c1=Q 49. Qh1+ Kc2 50. Qc6+ Kd3 51. Qxc1 Nb3 52.
Qd1+ Kc3 53. Qd7 a5 54. Qb5 Kb2 55. a4 Ka3 56. Kf4 Nd4 57. Qc5+ Kxa4 58. Qxd4+ Kb3 59.
Qa1 a4 60. Ke3 a3 61. Ke4 a2 62. Kd5 Kc2 63. Ke4 Kb3 64. Kf3 Ka3 65. Ke2 Kb3 66. Kd2 1-0

[Event "*** Titled Tuesday Blitz"]
[Site "Chess.com"]
[Date "2020.04.28"]
[Round "3"]
[White "almo64"]
[Black "MaxVavulin"]
[Result "1-0"]
[WhiteElo "2811"]
[BlackElo "2602"]
[TimeControl "180+1"]
[EndTime "10:30:06 PDT"]
[Termination "almo64 won on time"]

1. e4 e5 2. Nf3 Nc6 3. Bb5 a6 4. Ba4 Nge7 5. O-O g6 6. d4 exd4 7.
Nxd4 Bg7 8. Nxc6 bxc6 9. Nc3 O-O 10. Bg5 h6 11. Be3 d6 12. Bd4 Be6 13. Bxg7 Kxg7 14. f4 f5 15. Qd4+ Kh7 16. Rae1 c5 17. Qe3 Bd7 18. e5 Bxa4 19. exd6 Ng8 20. dxc7 Qd7 21. Qxc5 Bc6 22. Rd1 Qxc7 23. Rd6 Rac8 24. Rfd1 Qb7 25.
h3 Rf7 26. R1d2 Bxg2 27. Qb6 Qxb6+ 28. Rxb6 Bxh3 29. Rxa6 Bg4 30. Rdd6 Rg7 31. a4 Rb8 32. b3 Rc8 33. Rac6 Rxc6 34. Rxc6 Rd7 35. a5 Ne7 36. Rc5 g5 37. a6 Ra7 38. b4 Rxa6 39. Rc7 Re6 40.
Nd5 Re1+ 41. Kf2 Re2+ 42. Kf1 Kg6 43. Nxe7+ Kh5 44. Nd5 Rd2 45. Nf6+ Kh4 46. Rc3 gxf4 47. b5 f3 48. Ke1 1-0

[Event "*** Titled Tuesday Blitz"]
[Site "Chess.com"]
[Date "2020.04.28"]
[Round "3"]
[White "Galileo22"]
[Black "1977Ivan"]
[Result "0-1"]
[WhiteElo "2329"]
[BlackElo "2635"]
[TimeControl "180+1"]
[EndTime "10:30:06 PDT"]
[Termination "1977Ivan won by checkmate"]

1. d4 Nf6 2. Nf3 d6 3. c4 c6 4. Nc3 Bg4 5. Nd2 e5 6. Nb3 Nbd7 7. h3 Bh5 8. g4 Bg6 9. Bg2 a5 10. a4 Be7 11. O-O h5 12. g5 Nh7 13. h4 O-O 14. e3 f6 15. f4 fxg5 16. hxg5 exf4 17. exf4 Nb6 18. c5 Nc4 19. Qe2 d5 20. Ra2 Qd7 21. Na1 Rae8 22. Qd1 Bd8 23. b3 Ne3 24. Bxe3 Rxe3 25.
Qc1 Rg3 26. Ne2 Rxg2+ 27. Kxg2 Qg4+ 28. Kf2 Nxg5 29. Ke1 Nf3+ 30. Kd1 Re8 31. Qc3 Be4 32. Nc2 h4 33. Ne3 Qh5 34. Kc1 Bf6 35. Kb2 Nh2 36.
Re1 Qf3 37. Ka3 Ng4 38. Nxg4 Qxg4 39. Nc1 Qxf4 40. Re3 Rf8 41. Rae2 Bf5 42. Nd3 Qxd4 43. Qxd4 Bxd4 44. Rf3 h3 45. Rxf5 Rxf5 46. Re8+ Kf7 47. b4 Kxe8 48. bxa5 Rf3 49. a6 Rxd3+ 50. Kb4 bxa6 51. Ka5 h2 52. Kb6 h1=Q 53. Ka5 Qe1+ 54. Kb6 Bxc5+ 55. Kb7 Qb4+ 56. Kc7 Qb6+ 57. Kc8 Bd6 58.
a5 Qc7# 0-1

[Event "*** Titled Tuesday Blitz"]
[Site "Chess.com"]
[Date "2020.04.28"]
[Round "3"]
[White "viktorskliarov"]
[Black "GMHess"]
[Result "1-0"]
[WhiteElo "2660"]
[BlackElo "2879"]
[TimeControl "180+1"]
[EndTime "10:30:07 PDT"]
[Termination "viktorskliarov won by resignation"]

1. e4 d6 2. d4 Nf6 3. Nc3 c6 4. f3 Qc7 5. Be3 Nbd7 6. Qd2 e5 7.
Nge2 b5 8. g4 Be7 9. Ng3 Nb6 10.
Nf5 Bxf5 11. gxf5 g6 12. fxg6 hxg6 13. b3 a6 14. a4 b4 15. Ne2 exd4 16. Bxd4 c5 17.
Bb2 c4 18. Bd4 Nbd7 19. Nf4 c3 20. Qe3 Ne5 21. O-O-O Kf8 22. Kb1 Kg7 23. h4 Kf8 24. h5 g5 25. Bxe5 dxe5 26. Nd5 Nxd5 27. Rxd5 a5 28. Bc4 Rd8 29. Qd3 Kg7 30. Kc1 Rxd5 31. Bxd5 Bf6 32. Kd1 Qc5 33. Ke2 Kh6 34. Bxf7 Rd8 35. Bd5 Rd6 36. Qe3 Qd4 37. Qxd4 exd4 38. Kd3 Be5 39. Bf7 Rf6 40. Bg6 Rxf3+ 41. Kc4 d3 42. cxd3 Bf4 43. e5 c2 44. e6 Re3 45.
Be4 Bd6 46. Kd5 Be7 47. Rc1 Re2 48. Kc6 Bf6 49. Kd7 g4 50. e7 Bxe7 51. Kxe7 g3 52. Kf6 Kxh5 53. Bf3+ Kh4 54. Bxe2 g2 55. Bf3 Kg3 56. Bxg2 Kxg2 57. Rxc2+ Kf3 58. Rc5 1-0